 Dungeon Crawl Stone Soup version 0.29.0-13-gc9e81de378 (webtiles) character file.

Game seed: 7698371538696140035

739 DKP123 the Covert (level 7, -6/79 HPs)
             Began as a Gnoll Wanderer on Sept 10, 2022.
             Was an Initiate of Gozag.
             Mangled by a hellwing (7 damage)
             ... summoned by a kobold demonologist
             ... on level 5 of the Dungeon.
             The game lasted 00:27:48 (7613 turns).

DKP123 the Covert (Gnoll Wanderer)                  Turns: 7613, Time: 00:27:49

Health: -6/79      AC:  0    Str: 10      XL:     7   Next: 75%
Magic:  11/11      EV:  2    Int: 11      God:    Gozag
Gold:   1142       SH:  0    Dex:  8 (15) Spells: 11/11 levels left

rFire   . . .      SeeInvis .   i - +0 rapier
rCold   . . .      Faith    .   (no shield)
rNeg    + . .      Spirit   .   (body armour currently unavailable)
rPois   +          Reflect  .   (helmet currently unavailable)
rElec   .          Harm     .   (cloak currently unavailable)
rCorr   +          Rampage  .   (gloves currently unavailable)
Will    .....      NoTele   +   (boots currently unavailable)
Stlth   +++.......              (no amulet)
HPRegen 0.23/turn               h - ring of resist corrosion
MPRegen 0.12/turn               s - ring of positive energy

@: tree-form (expiring), silenced, corroded, hasted, very quick
A: stationary, stasis, torment immunity, boosted hp, (fangs 1), strong nose,
distributed training, screaming 1, evolution 1, MP-powered wands
a: Renounce Religion


You were on level 5 of the Dungeon.
You worshipped Gozag.
Gozag was most pleased with you.
You were a tree.
You visited 2 branches of the dungeon, and saw 6 of its levels.
You also visited: Sewer.

You collected 1142 gold pieces.

Inventory:

Hand Weapons
 i - a +0 rapier (weapon)
 D - a +0 whip of electrocution
Missiles
 b - 2 atropa-tipped darts
 c - 4 poisoned darts (quivered)
 f - 2 datura-tipped darts
 m - 17 stones
Armour
 g - a +0 robe
 k - a +2 pair of gloves (melded)
 y - a +1 ring mail (melded)
 G - a +0 chain mail
Jewellery
 h - a ring of resist corrosion (left branch)
 q - a ring of fire
 s - a ring of positive energy (right branch)
 w - a ring of ice
Scrolls
 o - a scroll of immolation
 u - a scroll of vulnerability {unknown}
 v - a scroll of enchant weapon {unknown}
 A - a scroll of magic mapping {unknown}
 B - a scroll of poison {unknown}
 H - a scroll of amnesia {unknown}
 I - a scroll of noise {unknown}
 J - a scroll of fog {unknown}
Potions
 d - a potion of lignification
 j - 2 potions of resistance {unknown}
 l - a potion of flight {unknown}
 n - a potion of ambrosia {unknown}
 p - 2 potions of curing
 r - 2 potions of might {unknown}
 t - a potion of cancellation {unknown}
 x - a potion of attraction {unknown}
 z - a potion of brilliance {unknown}
 C - 2 potions of mutation
 E - a potion of invisibility {unknown}
 F - 2 potions of haste


   Skills:
 + Level 3.8 Fighting
 + Level 5.4 Short Blades
 + Level 2.8 Long Blades
 + Level 2.8 Axes
 + Level 2.8 Maces & Flails
 + Level 2.8 Polearms
 + Level 2.8 Staves
 + Level 2.8 Ranged Weapons
 + Level 2.8 Throwing
 + Level 2.8 Armour
 + Level 5.4 Dodging
 + Level 10.0 Stealth
 + Level 2.8 Shields
 + Level 2.8 Unarmed Combat
 + Level 2.8 Spellcasting
 + Level 2.2 Conjurations
 + Level 2.2 Hexes
 + Level 2.2 Summonings
 + Level 2.2 Necromancy
 + Level 2.2 Translocations
 + Level 2.2 Transmutations
 + Level 2.2 Fire Magic
 + Level 2.2 Ice Magic
 + Level 2.2 Air Magic
 + Level 2.2 Earth Magic
 + Level 2.2 Poison Magic
 + Level 3.1 Invocations
 + Level 2.8 Evocations


You had 11 spell levels left.
You didn't know any spells.
Your spell library was empty.

Dungeon Overview and Level Annotations

Branches:
Dungeon (5/15)             Temple (1/1) D:4           Sewer (visited)

Altars:
Cheibriados
Dithmenos
Elyvilon
Gozag
Hepliaklqana
Kikubaaqudgha
Nemelex Xobeh
Qazlal
Ru
Sif Muna
Uskayaw
Vehumet
Zin
The Shining One


Innate Abilities, Weirdness & Mutations

You are a tree.
Your roots penetrate the ground, keeping you stationary.
You cannot be teleported.
You are immune to unholy pain and torment.
Your maximum health is greatly increased.
Your equipment is partially melded.
((You have very sharp teeth.))
Your uncanny sense of smell can sniff out nearby items.
Your experience applies equally to all skills.
You occasionally shout uncontrollably at your foes.
You have hidden genetic potential.
You expend magic power (3 MP) to strengthen your wands.


Message History

* * * LOW HITPOINT WARNING * * *
The quasit claws you.
* * * LOW HITPOINT WARNING * * *
You feel clumsy.
You feel much better. The quasit bites you. The quasit claws you. x2
You feel clumsy.
The kobold demonologist hits you with a +0 dagger!
The orange demon stings you from afar!
* * * LOW HITPOINT WARNING * * *
Okay, then.
Magic scrolls do not work when you're silenced!
It was a potion of mutation.
You feel extremely strange.
You feel the urge to shout.
You feel your magical essence link to the dungeon's wands.
You feel a hidden potential growing inside you.
The quasit bites you.
* * * LOW HITPOINT WARNING * * *
You feel clumsy. The quasit claws you.
* * * LOW HITPOINT WARNING * * *
The quasit claws you.
* * * LOW HITPOINT WARNING * * *
You feel clumsy.
The kobold demonologist hits you with a +0 dagger.
* * * LOW HITPOINT WARNING * * *
The orange demon stings you from afar!
* * * LOW HITPOINT WARNING * * *
It was a potion of haste.
You feel yourself speed up.
Your transformation is almost over.
The quasit bites you.
* * * LOW HITPOINT WARNING * * *
The quasit claws you.
* * * LOW HITPOINT WARNING * * *
The quasit claws you.
* * * LOW HITPOINT WARNING * * *
You feel clumsy.
The hellwing swoops through the air toward you!
The hellwing hits you!
You die...
Your body crumbles into a pile of gold.

#.......((.# #..........#
#....(.....## #.....(....#
#..........# #..........##
#..........####
#.....(..54K♣.####
#...#........##54...############
..# ##.......>#####....##......#
#......### #####.........
#####..# ###...>... #K.# ###
#....... ##.## ##.## #.......
#..# #...## ##...... ##5#
#....## #......


You could see an orange demon (summoned), a hellwing (summoned), a kobold
demonologist and 2 quasits.

Vanquished Creatures
  A black bear (D:5)
  A kobold brigand (Sewer)
  2 scorpions
  An orc priest (D:4)
  4 iguanas
  An orc wizard (D:3)
  3 gnolls
  6 river rats
  7 adders
  A shadow imp (D:4)
  2 white imps (D:5)
  A worm (D:3)
  3 dart slugs
  14 orcs
  3 endoplasms (D:1)
  4 giant cockroaches
  10 goblins
  8 hobgoblins
  3 quokkas
  5 ball pythons
  3 bats
  2 frilled lizards
  17 kobolds
  27 rats
129 creatures vanquished.

Vanquished Creatures (collateral kills)
  An orc priest (D:3)
  A goblin (D:3)
  2 kobolds
4 creatures vanquished.

Vanquished Creatures (others)
  An orc wizard (D:3)
  A kobold (Sewer)
2 creatures vanquished.

Grand Total: 135 creatures vanquished

Notes
Turn   | Place    | Note
-------+----------+-------------------------------------------
     0 | D:1      | Reached skill level 9 in Stealth
     0 | D:1      | DKP123 the Gnoll Wanderer began the quest for the Orb.
     0 | D:1      | DKP123 set off with the following items: a +0 dagger, 2
                  | atropa-tipped darts, 2 datura-tipped darts, a +0 short
                  | sword, a scroll of silence, a scroll of summoning, a +0
                  | robe.
     0 | D:1      | Reached XP level 1. HP: 17/17 MP: 1/1
    91 | D:1      | Found a faded altar of an unknown god.
   101 | D:1      | Prayed at the altar of an unknown god.
   101 | D:1      | Became a worshipper of Gozag Ym Sagoz the Greedy
   129 | D:1      | Reached XP level 2. HP: 13/23 MP: 2/2
  1079 | D:2      | Reached XP level 3. HP: 26/28 MP: 2/4
  1439 | D:2      | Reached skill level 1 in Invocations
  1923 | D:3      | Reached skill level 1 in Long Blades
  1923 | D:3      | Reached skill level 1 in Axes
  1923 | D:3      | Reached skill level 1 in Maces & Flails
  1923 | D:3      | Reached skill level 1 in Polearms
  1923 | D:3      | Reached skill level 1 in Staves
  1923 | D:3      | Reached skill level 1 in Ranged Weapons
  1923 | D:3      | Reached skill level 1 in Throwing
  1923 | D:3      | Reached skill level 1 in Armour
  1923 | D:3      | Reached skill level 1 in Shields
  1923 | D:3      | Reached skill level 1 in Unarmed Combat
  1923 | D:3      | Reached skill level 1 in Spellcasting
  1923 | D:3      | Reached skill level 1 in Evocations
  2181 | D:3      | Reached XP level 4. HP: 25/34 MP: 5/5
  2470 | D:3      | Reached skill level 1 in Conjurations
  2470 | D:3      | Reached skill level 1 in Hexes
  2470 | D:3      | Reached skill level 1 in Summonings
  2470 | D:3      | Reached skill level 1 in Necromancy
  2470 | D:3      | Reached skill level 1 in Translocations
  2470 | D:3      | Reached skill level 1 in Transmutations
  2470 | D:3      | Reached skill level 1 in Fire Magic
  2470 | D:3      | Reached skill level 1 in Ice Magic
  2470 | D:3      | Reached skill level 1 in Air Magic
  2470 | D:3      | Reached skill level 1 in Earth Magic
  2470 | D:3      | Reached skill level 1 in Poison Magic
  2493 | D:3      | Found a radiant altar of Vehumet.
  2512 | D:3      | Reached XP level 5. HP: 18/40 MP: 5/7
  3553 | D:4      | Found a staircase to the Ecumenical Temple.
  3562 | Temple   | Entered the Ecumenical Temple
  3801 | D:4      | Reached XP level 6. HP: 47/47 MP: 8/8
  3833 | D:4      | Reached skill level 5 in Short Blades
  3833 | D:4      | Reached skill level 5 in Dodging
  4404 | D:5      | Entered Level 5 of the Dungeon
  4406 | D:5      | Found a glowing drain.
  4930 | Sewer    | Entered a sewer
  5014 | Sewer    | Reached XP level 7. HP: 23/52 MP: 10/10
  6628 | D:5      | Reached skill level 10 in Stealth
  7269 | D:5      | Noticed a kobold demonologist
  7295 | D:5      | Noticed an ice devil
  7296 | D:5      | Noticed an orange demon
  7590 | D:5      | Noticed a rust devil
  7598 | D:5      | Noticed an orange demon
  7604 | D:5      | Noticed a hellwing
  7612 | D:5      | Gained mutation: You occasionally shout uncontrollably at
                  | your foes. [potion of mutation]
  7612 | D:5      | Gained mutation: You expend magic power (3 MP) to
                  | strengthen your wands. [potion of mutation]
  7612 | D:5      | Gained mutation: You have hidden genetic potential. [potion
                  | of mutation]
  7613 | D:5      | HP: 3/79 [quasit[a kobold demonologist] (1)]
  7613 | D:5      | HP: 1/79 [quasit[a kobold demonologist] (2)]
  7613 | D:5      | Mangled by a hellwing

Illustrated notes

Levels and vault maps discovered:
D:1:      dpeg_arrival_leaves_temple_mockup, layout_loops_ring,
          basic_ecumenical_altar, minmay_pentomino_v4
D:2:      layout_basic
D:3:      cheibrodos_greedy_goblins, layout_loops_ring, vehumet_crystals
D:4:      nicolae_BIG_FREAKIN_CUBE, layout_basic
D:5:      layout_cave_pods, portal_sewer_entry_c
Temple:   hellmonk_temple_forest_ring

Skill      XL: |  1  2  3  4  5  6  7 |
---------------+----------------------+-----
Stealth        | 10 | 10.0
Invocations    | 1 2 3 |  3.1
Long Blades    | 1 2 |  2.8
Axes           | 1 2 |  2.8
Maces & Flails | 1 2 |  2.8
Polearms       | 1 2 |  2.8
Staves         | 1 2 |  2.8
Ranged Weapons | 1 2 |  2.8
Throwing       | 1 2 |  2.8
Armour         | 1 2 |  2.8
Shields        | 1 2 |  2.8
Unarmed Combat | 1 2 |  2.8
Spellcasting   | 1 2 |  2.8
Evocations     | 1 2 |  2.8
Conjurations   | 1 2 |  2.2
Hexes          | 1 2 |  2.2
Summonings     | 1 2 |  2.2
Necromancy     | 1 2 |  2.2
Translocations | 1 2 |  2.2
Transmutations | 1 2 |  2.2
Fire Magic     | 1 2 |  2.2
Ice Magic      | 1 2 |  2.2
Air Magic      | 1 2 |  2.2
Earth Magic    | 1 2 |  2.2
Poison Magic   | 1 2 |  2.2
Fighting       | 3 |  3.8
Short Blades   | 5 |  5.4
Dodging        | 5 |  5.4

Action                   |  1- 3 |  4- 6 |  7- 9 || total
-------------------------+-------+-------+-------++-------
Melee: Dagger            |    24 |       |       ||    24
       Bite              |    12 |    18 |     9 ||    39
       Punch             |     2 |     7 |     3 ||    12
       Rapier            |    94 |   186 |   161 ||   441
Throw: Stone             |     1 |     4 |    19 ||    24
       Dart              |       |    20 |    42 ||    62
  Use: Scroll            |     1 |     4 |     5 ||    10
       Potion            |       |     3 |     8 ||    11
 Stab: Sleeping          |    13 |     8 |    12 ||    33
       Distracted        |     1 |     1 |     1 ||     3
       Invisible         |       |     1 |       ||     1
Armor: Robe              |    18 |     9 |       ||    27
       Ring mail         |       |    47 |    59 ||   106
       Skin              |       |       |    49 ||    49
Dodge: Dodged            |    67 |    97 |    84 ||   248
